 Dungeon Crawl Stone Soup version 0.23.2-1-ga50397a6bc (webtiles) character file.

Game seed: 9645174043352976108

21 Ethylacetat the Firebug (level 2, -2/19 HPs)
             Began as a Mummy Fire Elementalist on May 18, 2019.
             Slain by Natasha (6 damage)
             ... on level 2 of the Dungeon.
             The game lasted 00:02:51 (894 turns).

Ethylacetat the Firebug (Mummy Fire Elementalist)    Turns: 894, Time: 00:02:52

Health: -2/19      AC:  2    Str: 11    XL:     2   Next: 62%
Magic:  1/5        EV: 12    Int: 14    God:
Gold:   31         SH:  0    Dex: 12    Spells: 5/6 levels left

rFire    x . .     SeeInvis .   d - +0 club
rCold    + . .     Gourm    .   (no shield)
rNeg     + + +     Faith    .   a - +0 robe
rPois    ∞         Spirit   .   (no helmet)
rElec    .         Reflect  .   (no cloak)
rCorr    .         Harm     .   (no gloves)
MR       .....     Rnd*Tele +   (no boots)
Stlth    ++........             (no amulet)
HPRegen  0.06/turn              c - ring of teleportation (curse)
MPRegen  0.09/turn              (no ring)

@: no status effects
A: no food or potions, fire vulnerability, cold resistance 1, negative energy
resistance 3, torment resistance, unbreathing
a: no special abilities


You were on level 2 of the Dungeon.
You were not hungry.

You visited 1 branch of the dungeon, and saw 2 of its levels.

You collected 31 gold pieces.

Inventory:

Hand Weapons
 d - a +0 club (weapon)
Armour
 a - a +0 robe (worn)
Jewellery
 c - a cursed ring of teleportation (left hand)
Scrolls
 b - a scroll of enchant armour {unknown}
 e - a scroll of identify {unknown}
 f - 2 scrolls of magic mapping {unknown}
 g - a scroll of immolation {unknown}


   Skills:
 - Level 1.7 Dodging
 - Level 1.8 Stealth
 - Level 2.6 Spellcasting
 + Level 1.2 Conjurations
 + Level 2.9 Fire Magic


You had 5 spell levels left.
You knew the following spells:

 Your Spells              Type           Power        Failure   Level  Hunger
a - Flame Tongue          Conj/Fire      #....        10%         1    N/A

Your spell library contained the following spells:

 Spells                   Type           Power        Failure   Level  Hunger
 Throw Flame              Conj/Fire      #.....       14%         2    N/A
 Conjure Flame            Conj/Fire      #.......     28%         3    N/A
 Inner Flame              Hex/Fire       #.......     36%         3    N/A
 Sticky Flame             Conj/Fire      #.......     67%         4    N/A
 Fireball                 Conj/Fire      #.........   95%         5    N/A

Dungeon Overview and Level Annotations

Branches:
Dungeon (2/15)

Altars:

Annotations:
D:2 Natasha


Innate Abilities, Weirdness & Mutations

You do not eat or drink.
Your flesh is vulnerable to fire.
You are immune to poison.
Your flesh is cold resistant. (rC+)
You are immune to negative energy. (rN+++)
You are immune to unholy pain and torment.
You can survive without breathing.


Message History

Natasha barely misses you.
Casting: Flame Tongue (safe; 10% risk of failure)
Confirm with . or Enter, or press ? or * to list all spells.
You don't have enough magic to cast that spell.
Unknown command.
You closely miss Natasha.
Natasha is heavily wounded.
Natasha misses you.
You hit Natasha.
Natasha is severely wounded.
Natasha stares at you and mumbles some strange words.
The magic dart hits you.
You closely miss Natasha.
Natasha is severely wounded.
Natasha claws you.
* * * LOW HITPOINT WARNING * * *
You barely miss Natasha.
Natasha is severely wounded.
Natasha claws you.
You die...

...........# #....
...........#####....
###............#....
...............##..
########...........
................S..
.l.....l...........
######h###########
#@# #.# #.# ... ..#
#..# #..# #..#


You could see Natasha and a frilled lizard.

Vanquished Creatures
  A worm (D:2)
  A leopard gecko (D:1)
  5 goblins
  A hobgoblin (D:1)
  A quokka (D:2)
  A ball python (D:1)
  2 bats
  3 frilled lizards (D:1)
  3 kobolds
  A rat (D:1)
19 creatures vanquished.

Notes
Turn   | Place    | Note
-------+----------+-------------------------------------------
     0 | D:1      | Ethylacetat the Mummy Fire Elementalist began the quest for
                  | the Orb.
     0 | D:1      | Reached XP level 1. HP: 13/13 MP: 4/4
   452 | D:1      | Reached XP level 2. HP: 16/19 MP: 2/5
   586 | D:1      | Reached skill level 1 in Conjurations
   882 | D:2      | Noticed Natasha
   894 | D:2      | Slain by Natasha

Skill      XL: |  1  2 |
---------------+-------+-----
Conjurations   | 1 |  1.2
Dodging        | |  1.7
Stealth        | |  1.8
Spellcasting   | |  2.6
Fire Magic     | |  2.9

Action                   || total
-------------------------++-------
Melee: Club              ||    14
       Unarmed           ||     1
 Cast: Flame Tongue      ||    29
Armor: Robe              ||    12
Dodge: Dodged            ||    26
